 Dungeon Crawl Stone Soup version 0.21-a0-638-g11b2e07010 (webtiles) character file.

147 NixNut the Chopper (level 5, 0/41 HPs)
             Began as a Human Gladiator on Dec 30, 2017.
             Was an Initiate of Wu Jian.
             Slain by an orc
             ... wielding a +0 short sword of protection
              (1 damage)
             ... on level 3 of the Dungeon.
             The game lasted 00:09:48 (2743 turns).

NixNut the Chopper (Human Gladiator)                Turns: 2743, Time: 00:09:48

Health: 0/41       AC:  5    Str: 15    XL:     5   Next: 55%
Magic:  5/5        EV: 13    Int:  8    God:    Wu Jian [......]
Gold:   194        SH:  0    Dex: 15    Spells: 4/4 levels left

rFire    . . .     SeeInvis +   p - +0 whip (flame)
rCold    . . .     Gourm    .   (no shield)
rNeg     . . .     Faith    .   b - +0 leather armour
rPois    .         Spirit   .   c - +0 helmet
rElec    .         Reflect  .   (no cloak)
rCorr    .         Harm     .   (no gloves)
MR       +....                  j - +0 pair of boots
Stlth    +.........             (no amulet)
HPRegen  0.13/turn              k - ring of protection from magic
MPRegen  0.09/turn              n - ring of see invisible

@: no status effects
A: no striking features
a: Renounce Religion


You were on level 3 of the Dungeon.
You worshipped Wu Jian.
Wu Jian was noncommittal.
You were not hungry.

You visited 1 branch of the dungeon, and saw 3 of its levels.

You collected 194 gold pieces.

Inventory:

Hand Weapons
 a - a +0 war axe
 p - a +0 whip of flaming (weapon)
Missiles
 o - a throwing net (quivered)
Armour
 b - a +0 leather armour (worn)
 c - a +0 helmet (worn)
 j - a +0 pair of boots (worn)
Jewellery
 k - a ring of protection from magic (left hand)
 n - a ring of see invisible (right hand)
Scrolls
 d - a scroll of remove curse {unknown}
 e - a scroll of noise {unknown}
 g - a scroll of teleportation {unknown}
 h - 2 scrolls of identify
 i - a scroll of enchant armour {unknown}
 l - a scroll of fog {unknown}
Potions
 m - 2 potions of mutation
 q - a potion of agility {unknown}
Comestibles
 f - 6 rations


   Skills:
 + Level 3.1 Fighting
 + Level 3.8 Axes
 + Level 3.1 Throwing
 + Level 2.2 Armour
 - Level 3.0 Dodging


You had 4 spell levels left.
You didn't know any spells.

Dungeon Overview and Level Annotations

Branches:
Dungeon (3/15)

Altars:
Qazlal
Wu Jian


Message History

* * * LOW HITPOINT WARNING * * *
The orc wizard misses you.
You closely miss the orc wizard.
The orc wizard is severely wounded.
The orc wizard mumbles some strange words.
The orc wizard blinks!
The orc hits you but does no damage.
You are too injured to fight recklessly!
You hit the orc wizard. You burn the orc wizard.
The orc wizard is almost dead.
The orc wizard mumbles some strange words.
The orc wizard blinks!
The orc hits you but does no damage.
You barely miss the orc. The orc closely misses you.
The orc wizard points at you and mumbles some strange words.
The magic dart hits you!
* * * LOW HITPOINT WARNING * * *
You hit the orc wizard. You burn the orc wizard.
You kill the orc wizard!
The Council accepts your kill.
The orc hits you with a short sword of protection.
You die...

. .... #§§8 #≈≈§.#...# .
#... #≈._ #≈§≈.#...# ..
.....#§≈≈ #.≈..#g..# ..
....≈##≈###....#...#
..####....≈≈≈....≈..#...#
...<.#.....≈.......(#...#
.#...#.≈.....(........#.#
.....###.#.#.#(.##..#.#.#
.....# #.....#..@o).#.#.#
...^.###.....#.)....#...#
.............#).....#.###
....####.....#......#..
....# #.....#......#.#
##### #.....#......#.#
#.....#........
#.....#.........
#.....#.........


You could see an orc.

Vanquished Creatures
  An orc wizard (D:3)
  Robin (D:2)
  4 adders
  A worm (D:2)
  2 dart slugs
  2 leopard geckos (D:2)
  An orc (D:3)
  7 bats
  2 giant cockroaches
  8 hobgoblins
  10 jackals
  3 kobolds
  A frilled lizard (D:1)
  12 goblins
  6 rats
61 creatures vanquished.

Notes
Turn   | Place    | Note
-------+----------+-------------------------------------------
     0 | D:1      | NixNut the Human Gladiator began the quest for the Orb.
     0 | D:1      | Reached XP level 1. HP: 16/16 MP: 1/1
   102 | D:1      | Reached XP level 2. HP: 18/22 MP: 2/2
   610 | D:1      | Reached skill level 1 in Armour
   660 | D:1      | Reached XP level 3. HP: 28/28 MP: 3/3
  1275 | D:2      | Reached XP level 4. HP: 25/34 MP: 4/4
  1717 | D:2      | Noticed Robin
  1739 | D:2      | Killed Robin
  2219 | D:2      | Reached XP level 5. HP: 35/40 MP: 5/5
  2560 | D:2      | Found an ornate altar of the Wu Jian Council.
  2571 | D:2      | Became a worshipper of the Wu Jian Council
  2671 | D:3      | Found a stormy altar of Qazlal.
  2742 | D:3      | HP: 1/41 [orc wizard/magic dart (6)]
  2743 | D:3      | Slain by an orc

Vault maps used:
D:1:      dpeg_arrival_stonehenge_8_columns
D:2:      lemuel_doored_altar, uniq_robin
D:3:      evilmike_ruin_ashenzari, nicolae_qazlal_general_emergency,
          uniq_terence, uniq_grinder

Skill      XL: |  1  2  3  4  5 |
---------------+----------------+-----
Armour         | 1 2 |  2.2
Fighting       | 3 |  3.1
Throwing       | 3 |  3.1
Axes           | |  3.8
Dodging        | |  3.0

Action                   |  1- 3 |  4- 6 || total
-------------------------+-------+-------++-------
Melee: War axe           |    96 |    64 ||   160
       Whip              |       |    65 ||    65
Throw: Throwing net      |       |     3 ||     3
  Use: Scroll            |     2 |     1 ||     3
       Potion            |       |     2 ||     2
 Stab: Sleeping          |     1 |     1 ||     2
       Held in net/web   |       |     2 ||     2
  Eat: Chunk             |     1 |     4 ||     5
       Ration            |       |     1 ||     1
Armor: Leather armour    |    39 |    33 ||    72
       Skin              |       |     9 ||     9
Dodge: Dodged            |    90 |    84 ||   174

Table legend:
 A = Spawn XP
 B = Non-spawn XP
 C = Spawn XP percentage of total XP
 D = Spawn monster count
 E = Non-spawn monster count
 F = Spawn count percentage of total count
 G = Total turns spent on level
                    A         B        C        D         E        F      G
               +---------+---------+-------+---------+---------+-------+---------
         Total |       0 |     211 |   0.0 |       0 |      61 |   0.0 |  2743
               +---------+---------+-------+---------+---------+-------+---------
           D:1 |       0 |      32 |   0.0 |       0 |      19 |   0.0 |   910
           D:2 |       0 |     120 |   0.0 |       0 |      37 |   0.0 |  1735
           D:3 |       0 |      59 |   0.0 |       0 |       5 |   0.0 |    98
               +---------+---------+-------+---------+---------+-------+---------
